[Event "*** Titled Tuesday Blitz"]
[Site "Chess.com"]
[Date "2020.02.04"]
[Round "7"]
[White "Hanging_pointer"]
[Black "Hydrargyrum_Girl"]
[Result "1-0"]
[WhiteElo "2410"]
[BlackElo "2186"]
[TimeControl "180+2"]
[EndTime "10:32:36 PST"]
[Termination "Hanging_pointer won by resignation"]

1. Nf3 Nf6 2. d4 g6 3. c4 Bg7 4. g3 O-O 5. Bg2 d6 6. O-O Nbd7 7. Nc3 c5 8. b3 a6 9. Bb2 Rb8 10. a4 cxd4 11. Nxd4 Nc5 12. e4 Ng4 13. h3 Nh6 14. b4 Bxd4 15. Qxd4 Nb3 16. Qa7 Nxa1 17. Qxb8 Nc2 18. Nd5 f6 19. Rc1 e6 20. Nxf6+ Rxf6 21. Bxf6 Qxf6 22. Qxc8+ 1-0

[Event "*** Titled Tuesday Blitz"]
[Site "Chess.com"]
[Date "2020.02.04"]
[Round "7"]
[White "VALPARAISO37"]
[Black "marabu44"]
[Result "1-0"]
[WhiteElo "2229"]
[BlackElo "2281"]
[TimeControl "180+2"]
[EndTime "10:33:03 PST"]
[Termination "VALPARAISO37 won by resignation"]

1. d4 d5 2. c4 c6 3. Nc3 e6 4. e3 f5 5. g4 Nf6 6. gxf5 exf5 7.
Nf3 Bb4 8. Bd2 Bxc3 9. Bxc3 Ne4 10. Qb3 O-O 11. Bd3 Kh8 12. Ne5 Nd7 13. Nxd7 Qxd7 14. h4 dxc4 15. Bxc4 b5 16. Bd3 Bb7 17. h5 a6 18. h6 Qd5 19. hxg7+ Kxg7 20. Bxe4 fxe4 21. Ke2 Rf3 22. Rag1+ Kh8 23. Rg2 Rg8 24. Rgh2 Rg7 25. Ke1 Kg8 26. Rh5 Qxb3 27. axb3 Rgf7 28. d5 Rxf2 29.
Bb4 cxd5 30. Rg1+ Rg7 31. Rxg7+ 1-0

[Event "*** Titled Tuesday Blitz"]
[Site "Chess.com"]
[Date "2020.02.04"]
[Round "7"]
[White "AtabayevSaparmyrat"]
[Black "Evgeny81"]
[Result "1/2-1/2"]
[WhiteElo "2803"]
[BlackElo "2710"]
[TimeControl "180+2"]
[EndTime "10:33:26 PST"]
[Termination "Game drawn by repetition"]

1. e4 e5 2. Nf3 Nc6 3. Bb5 a6 4. Bxc6 dxc6 5. Nc3 f6 6. d4 exd4 7. Nxd4 c5 8. Nde2 Qxd1+ 9. Nxd1 Be6 10. Nf4 Bf7 11. Nc3 O-O-O 12. Be3 Bd6 13. O-O-O Ne7 14. f3 b6 15. Rd2 Be5 16. Nfe2 Rxd2 17. Bxd2 Nc6 18.
Bf4 Bd4 19. Nd5 Bxd5 20. exd5 Nb4 21. c3 Nd3+ 22. Kc2 Nxf4 23. Nxf4 Be5 24. Ne6 g5 25. c4 h5 26. h4 gxh4 27. f4 Bd6 28. Rxh4 Rg8 29.
Rxh5 Rxg2+ 30. Kc3 Rg3+ 31. Kc2 Rg2+ 32. Kb3 Rg3+ 33.
Ka4 Rg2 34. Kb3 Rg3+ 35. Kc2 Rg2+ 1/2-1/2

[Event "*** Titled Tuesday Blitz"]
[Site "Chess.com"]
[Date "2020.02.04"]
[Round "7"]
[White "Coiote53"]
[Black "obliviate12"]
[Result "0-1"]
[WhiteElo "2614"]
[BlackElo "2865"]
[TimeControl "180+2"]
[EndTime "10:33:26 PST"]
[Termination "obliviate12 won by resignation"]

1. e4 c5 2. Nf3 d6 3. Nc3 Nf6 4. d4 cxd4 5. Nxd4 a6 6. Be3 e5 7. Nb3 Be6 8. f3 h5 9. Qd2 Nbd7 10. Nd5 Bxd5 11. exd5 g6 12. O-O-O Bg7 13. Kb1 Qc7 14. c4 a5 15. g3 O-O 16. Rc1 a4 17. Na1 e4 18. f4 Ng4 19. Bd4 e3 20. Bxe3 Nxe3 21.
Qxe3 Rfe8 22. Qd2 a3 23. b4 Ra4 24. Nb3 Qb6 25. c5 dxc5 26. bxc5 Qf6 27. Bb5 Rb4 28. Bxd7 Qa1+ 29. Kc2 Qxa2+ 30. Kd1 Qxb3+ 31. Rc2 Qf3+ 0-1

[Event "*** Titled Tuesday Blitz"]
[Site "Chess.com"]
[Date "2020.02.04"]
[Round "7"]
[White "heyiampotato"]
[Black "arminmusovic"]
[Result "0-1"]
[WhiteElo "2465"]
[BlackElo "2549"]
[TimeControl "180+2"]
[EndTime "10:33:39 PST"]
[Termination "arminmusovic won on time"]

1. d4 d5 2. c4 c5 3. cxd5 Nf6 4. Nf3 cxd4 5. Qxd4 Qxd5 6. Nc3 Qxd4 7. Nxd4 a6 8. g3 e5 9. Nb3 Bb4 10. Bg2 Nc6 11. O-O Be6 12. Na4 Bxb3 13. axb3 Nd4 14. Bxb7 Ra7 15. Bg2 Nxe2+ 16. Kh1 Nxc1 17. Raxc1 O-O 18.
Rc4 a5 19. Nc5 g6 20. Rd1 Re8 21. Kg1 Rae7 22. Rd6 Kg7 23. Rd1 e4 24. Na6 e3 25.
fxe3 Rxe3 26. Nxb4 axb4 27. Rxb4 Re2 28. Rb1 Rd2 29. Bf1 Ne4 30. Re1 Ng5 0-1

[Event "*** Titled Tuesday Blitz"]
[Site "Chess.com"]
[Date "2020.02.04"]
[Round "7"]
[White "Reality-Stone"]
[Black "vladimirdamjanovic"]
[Result "0-1"]
[WhiteElo "2474"]
[BlackElo "2615"]
[TimeControl "180+2"]
[EndTime "10:33:45 PST"]
[Termination "vladimirdamjanovic won by resignation"]

1. d4 Nf6 2. c4 c5 3. d5 b5 4. cxb5 a6 5. e3 g6 6. Nc3 Bg7 7. e4 O-O 8. a4 d6 9. Nf3 Bd7 10. Bd2 Qa5 11. Bc4 axb5 12. Nxb5 Qb6 13. Qe2 Bxb5 14. Bxb5 Na6 15. O-O Nc7 16. Bc6 Qa6 17.
Rfe1 Rab8 18. Bc3 Ng4 19. h3 Nf6 20. a5 Rb3 21. Nd2 Rbb8 22. Nc4 Nb5 23. e5 Nxc3 24. bxc3 Nh5 25. exd6 exd6 26. Nxd6 Qxe2 27. Rxe2 Bxc3 28. Raa2 Nf4 29. Re4 Nd3 30. a6 Be5 31. Nc4 Rb1+ 0-1

[Event "*** Titled Tuesday Blitz"]
[Site "Chess.com"]
[Date "2020.02.04"]
[Round "7"]
[White "inegrepus"]
[Black "killer311"]
[Result "0-1"]
[WhiteElo "2244"]
[BlackElo "2240"]
[TimeControl "180+2"]
[EndTime "10:33:47 PST"]
[Termination "killer311 won by resignation"]

1. d4 d5 2. c4 c6 3. Nf3 Nf6 4. e3 Bf5 5. Qb3 Qb6 6. Nc3 e6 7. c5 Qxb3 8. axb3 Nbd7 9. b4 e5 10. Bd2 e4 11. Nh4 Be6 12. f4 exf3 13. gxf3 Be7 14.
Ng2 O-O 15. Bd3 a6 16. Nf4 Bd8 17. Kf2 Bc7 18. Rhg1 Kh8 19. Rg2 g6 20. h4 Bxf4 21. exf4 Nh5 22. Rg5 f6 23. Rg2 Ng7 24. Rh1 Bf5 25.
Bxf5 Nxf5 26. h5 gxh5 27. Rxh5 Nxd4 28. Rgh2 Rf7 29. f5 Re8 30. Bf4 a5 31. bxa5 Nxc5 32. Be3 Nd3+ 0-1

[Event "*** Titled Tuesday Blitz"]
[Site "Chess.com"]
[Date "2020.02.04"]
[Round "7"]
[White "WeAintSurePal"]
[Black "BabyBoss31"]
[Result "1/2-1/2"]
[WhiteElo "2415"]
[BlackElo "2208"]
[TimeControl "180+2"]
[EndTime "10:34:02 PST"]
[Termination "Game drawn by agreement"]

1. d4 d5 2. Nc3 Nf6 3. Bf4 c6 4. e3 Bf5 5. Bd3 Bg6 6. Nf3 e6 7. Ne5 Bd6 8. h4 Qc7 9. a3 Nbd7 10. Nxd7 Qxd7 11. Bxd6 Qxd6 12. h5 Bxd3 13. Qxd3 e5 14. O-O-O e4 15. Qe2 O-O-O 16. g4 h6 17. Rdg1 Nh7 18. f3 exf3 19. Qxf3 Ng5 20. Qf5+ Qe6 21. Re1 Rde8 22. Rhf1 Qxf5 23. Rxf5 f6 24. Rf2 Ne4 25. Nxe4 Rxe4 26. Rg2 Rhe8 27. Kd2 R8e7 28. Rg3 Kd7 29. Rf1 Ke8 30. Rf4 Kf7 31. Rxe4 Rxe4 32. Ke2 g6 33. hxg6+ Kxg6 34. Kf3 Re7 35. Rh3 Kg5 36. Rh5+ Kg6 37. b3 Rf7 38. Rf5 Re7 39. Rh5 Rf7 1/2-1/2

[Event "*** Titled Tuesday Blitz"]
[Site "Chess.com"]
[Date "2020.02.04"]
[Round "7"]
[White "Atanejhad"]
[Black "GelmanAlexander"]
[Result "1-0"]
[WhiteElo "2603"]
[BlackElo "2455"]
[TimeControl "180+2"]
[EndTime "10:34:23 PST"]
[Termination "Atanejhad won by checkmate"]

1. e4 c5 2. Nf3 e6 3. c3 d5 4.
exd5 exd5 5. d4 Nc6 6. Bb5 Nf6 7. Qe2+ Be7 8. dxc5 O-O 9. Be3 Bg4 10. Bxc6 bxc6 11. O-O Re8 12. h3 Bh5 13. Qd1 Rb8 14.
b4 a5 15. a3 Ne4 16. Bd4 f5 17. Qd3 Bg5 18. Ne5 Re6 19. f4 Bh4 20. Nd2 g5 21. fxg5 Qxg5 22. Ndf3 Qg3 23. Nxh4 Qxh4 24. Rxf5 Bg6 25.
Nxg6 Rxg6 26. Raf1 Re8 27. Qf3 Qe7 28. Re5 Qd7 29. Qf5 Rd8 30. Qxd7 Rxd7 31. Re8# 1-0

[Event "*** Titled Tuesday Blitz"]
[Site "Chess.com"]
[Date "2020.02.04"]
[Round "7"]
[White "cottage_cheese"]
[Black "BvsN"]
[Result "1-0"]
[WhiteElo "2272"]
[BlackElo "2314"]
[TimeControl "180+2"]
[EndTime "10:34:26 PST"]
[Termination "cottage_cheese won by checkmate"]

1. e4 c5 2. Nf3 e6 3. c3 Nf6 4. e5 Nd5 5. d4 cxd4 6. cxd4 d6 7. Bc4 Nc6 8. O-O Nb6 9. Be2 Be7 10.
Nc3 O-O 11. Be3 dxe5 12. dxe5 Nd5 13. Nxd5 exd5 14. Qd2 Bb4 15. Qd3 Bg4 16. Ng5 f5 17.
exf6 Rxf6 18. Qxh7+ Kf8 19. Qh8+ Ke7 20. Qxg7+ Kd6 21.
Bxg4 Ne5 22. Be2 Rg6 23. Qxb7 Rb8 24. Nf7+ Nxf7 25. Qxf7 Qg8 26. Bf4+ Kc5 27. Rac1+ Kd4 28. Be3+ Ke5 29. Bf4+ Ke4 30. f3+ Kd4 31. Rfd1+ Bd2 32. Rxd2# 1-0

[Event "*** Titled Tuesday Blitz"]
[Site "Chess.com"]
[Date "2020.02.04"]
[Round "7"]
[White "hypert"]
[Black "Witik"]
[Result "0-1"]
[WhiteElo "2455"]
[BlackElo "2600"]
[TimeControl "180+2"]
[EndTime "10:34:29 PST"]
[Termination "Witik won by resignation"]

1. e4 c6 2. Nf3 d5 3. Nc3 dxe4 4. Nxe4 Nf6 5. Qe2 Bg4 6. Nxf6+ gxf6 7. h3 Bh5 8. g4 Bg6 9. d3 c5 10. Bg2 Nc6 11. Nh4 Nd4 12. Qd1 Qc7 13. Be3 O-O-O 14. Qd2 e6 15. O-O-O Rd6 16. f4 Be7 17. Kb1 Rhd8 18.
Nxg6 hxg6 19. h4 c4 20. h5 Nb5 21. h6 c3 22. Qe1 cxb2 23. c4 Na3+ 24. Kxb2 Rb6+ 25. Bxb6 Qxb6+ 26. Kc1 Qb1+ 27. Kd2 Qb2+ 28. Ke3 Nc2+ 29. Kf3 Nxe1+ 30. Rdxe1 Rxd3+ 31. Re3 Rxe3+ 32. Kxe3 Bc5+ 33. Kd3 Qxg2 0-1

[Event "*** Titled Tuesday Blitz"]
[Site "Chess.com"]
[Date "2020.02.04"]
[Round "7"]
[White "Irishchessman16"]
[Black "czasnaszachy"]
[Result "1-0"]
[WhiteElo "2241"]
[BlackElo "2293"]
[TimeControl "180+2"]
[EndTime "10:34:41 PST"]
[Termination "Irishchessman16 won by checkmate"]

1. e4 c5 2. Nf3 d6 3. d4 cxd4 4. Nxd4 Nf6 5. Nc3 a6 6. h3 g6 7. Be3 Bg7 8. Qd2 b5 9. a3 Bb7 10. f3 Nc6 11. g4 O-O 12. h4 Rc8 13. h5 Ne5 14. Bh6 Qb6 15. Bxg7 Kxg7 16. Be2 Kh8 17.
hxg6 fxg6 18. Ne6 Rg8 19. O-O-O b4 20. axb4 Qxb4 21. g5 Nh5 22. f4 Rxc3 23. Qxc3 Qxc3 24. bxc3 Ng3 25. fxe5 Nxe2+ 26. Kd2 Ng3 27. Rh3 Nxe4+ 28.
Ke3 dxe5 29. Rxh7+ Kxh7 30. Rh1# 1-0

[Event "*** Titled Tuesday Blitz"]
[Site "Chess.com"]
[Date "2020.02.04"]
[Round "7"]
[White "Firouzja2003"]
[Black "RaunakSadhwani2005"]
[Result "1-0"]
[WhiteElo "3158"]
[BlackElo "2754"]
[TimeControl "180+2"]
[EndTime "10:34:47 PST"]
[Termination "Firouzja2003 won by checkmate"]

1. e4 e5 2. Bc4 Nf6 3. d3 c6 4. Nf3 d5 5. Bb3 Bb4+ 6. Bd2 Bxd2+ 7. Qxd2 a5 8. a4 Nbd7 9. exd5 cxd5 10. Nc3 Nc5 11.
Nxe5 Nxb3 12. cxb3 O-O 13. O-O Bd7 14. Qe3 Ra6 15.
Rfe1 Be8 16. Nf3 Bd7 17. Qd4 Qb6 18. Re7 Qxb3 19. Nxd5 Qxd5 20. Qxd5 Nxd5 21. Rxd7 Nf4 22. g3 Ne6 23. d4 Rb6 24. Rc1 Re8 25. Ne5 Rxb2 26.
Rxf7 Nxd4 27. Re7 Rf8 28. Rcc7 Rfxf2 29. Rxg7+ Kf8 30. Rxh7 Rg2+ 31. Kh1 Kg8 32. Rcg7+ Kf8 33. Ng6+ Ke8 34. Rh8# 1-0

[Event "*** Titled Tuesday Blitz"]
[Site "Chess.com"]
[Date "2020.02.04"]
[Round "7"]
[White "HarryCun"]
[Black "Ariadna_Atreides"]
[Result "1-0"]
[WhiteElo "2128"]
[BlackElo "2057"]
[TimeControl "180+2"]
[EndTime "10:34:49 PST"]
[Termination "HarryCun won by checkmate"]

1. Nf3 d5 2. g3 Nf6 3. Bg2 c6 4. O-O Bg4 5. d3 e6 6. h3 Bxf3 7. Bxf3 Bd6 8. c4 O-O 9. Nc3 d4 10. Ne4 Nxe4 11. Bxe4 Nd7 12. a3 Qc7 13. Bg2 Rac8 14.
b4 c5 15. b5 f5 16. a4 Nf6 17. a5 h6 18. Bd2 e5 19. b6 axb6 20. axb6 Qe7 21.
Ra7 e4 22. e3 Bb8 23. Ra4 exd3 24. exd4 cxd4 25. Bb4 Bd6 26. Bxd6 Qxd6 27. Qxd3 Qxb6 28. Rb1 Qc5 29. Rxb7 Rfe8 30. Raa7 Re1+ 31. Kh2 Ne8 32. Bd5+ Kh8 33. Qxf5 Nd6 34. Qh7+ Kxh7 35. Rxg7+ Kh8 36. Rh7# 1-0

[Event "*** Titled Tuesday Blitz"]
[Site "Chess.com"]
[Date "2020.02.04"]
[Round "7"]
[White "petrpalachev"]
[Black "GMHess"]
[Result "1-0"]
[WhiteElo "2669"]
[BlackElo "2756"]
[TimeControl "180+2"]
[EndTime "10:34:54 PST"]
[Termination "petrpalachev won by resignation"]

1. d4 g6 2. c4 Bg7 3. e4 d6 4. Nc3 e5 5. d5 f5 6. exf5 gxf5 7. f4 e4 8. Be3 Nf6 9. Be2 O-O 10. Nh3 c5 11. Nf2 a6 12. a4 Qe8 13.
Rg1 h5 14. h3 h4 15. g4 hxg3 16. Rxg3 Kh7 17. Kd2 Rg8 18. h4 Bh6 19. Rg5 b6 20.
Qg1 Ra7 21. Qg3 Rag7 22. Rg1 Nbd7 23. h5 Ne5 24. b3 Bd7 25. Nh3 Neg4 26. Rxg7+ Rxg7 27. Ng5+ Kg8 28. Qh3 Nxe3 29. Kxe3 Ng4+ 30. Bxg4 fxg4 31.
Qg3 b5 32. axb5 axb5 33. cxb5 Bf5 34. Ra1 Rb7 35. Kd2 Qxh5 36. Ra8+ Kg7 37. Nd1 Qg6 38. Qc3+ Qf6 39. Rg8+ Kxg8 40. Qxf6 1-0

[Event "*** Titled Tuesday Blitz"]
[Site "Chess.com"]
[Date "2020.02.04"]
[Round "7"]
[White "Azatic"]
[Black "Majkelopulos"]
[Result "1-0"]
[WhiteElo "2648"]
[BlackElo "2475"]
[TimeControl "180+2"]
[EndTime "10:34:57 PST"]
[Termination "Azatic won by checkmate"]

1. e4 e5 2. Nf3 Nc6 3. Bb5 g6 4. O-O Bg7 5. c3 d6 6. d4 Bd7 7.
Re1 Nge7 8. d5 Nb8 9. a4 O-O 10. Nbd2 h6 11. Qb3 Bc8 12. Bd3 Nd7 13. Qc2 a5 14. b4 b6 15. bxa5 Rxa5 16. Nb3 Ra8 17. a5 bxa5 18. Nxa5 Qe8 19. Be3 f5 20. Nc6 Rxa1 21.
Rxa1 f4 22. Bd2 Nxc6 23. dxc6 Nc5 24. Bc4+ Be6 25. Bd5 Bxd5 26. exd5 e4 27. Nd4 Qe5 28. Qa2 Re8 29. Re1 g5 30. h3 Bf6 31. Nb5 Bd8 32.
c4 Qf5 33. Bc3 Nd3 34. Rf1 f3 35. Nd4 Qg6 36. g3 Qh5 37. Nxf3 exf3 38. h4 Qg4 39. Kh2 gxh4 40. Rg1 Bg5 41. Qc2 Nxf2 42. Qg6+ Kf8 43. Qg7# 1-0

[Event "*** Titled Tuesday Blitz"]
[Site "Chess.com"]
[Date "2020.02.04"]
[Round "7"]
[White "Sergey85Rodchenkov"]
[Black "Abund"]
[Result "1-0"]
[WhiteElo "2571"]
[BlackElo "2743"]
[TimeControl "180+2"]
[EndTime "10:35:01 PST"]
[Termination "Sergey85Rodchenkov won by resignation"]

1. e4 c5 2. Nf3 Nc6 3. d4 cxd4 4. Nxd4 Nf6 5. Nc3 e5 6. Ndb5 d6 7. Nd5 Nxd5 8. exd5 Nb8 9. a4 Be7 10. Be2 O-O 11.
O-O Nd7 12. a5 a6 13. Nc3 f5 14. f4 Bf6 15. Kh1 Kh8 16. Be3 exf4 17. Bxf4 Ne5 18. Qd2 g5 19. Be3 Qe7 20. Bd4 Bd7 21. Na4 Rae8 22. Nb6 f4 23. Rae1 Bf5 24. c4 Qc7 25.
b4 Bg7 26. c5 Nf7 27. Bh5 Rxe1 28. Rxe1 Ne5 29. cxd6 Qxd6 30. Bc5 Qd8 31. Bxf8 Qxf8 32. d6 Qd8 33. d7 Bf6 34. Be8 f3 35. Qd5 fxg2+ 36.
Kxg2 Qc7 37. Rxe5 Qc2+ 38. Kf3 Qc3+ 39. Re3 g4+ 40. Kf4 Bg5+ 41. Kxg5 Qxe3+ 42. Kxf5 Qf2+ 43. Ke6 Kg7 44. Qg5+ Kf8 45. Qf6+ 1-0

[Event "*** Titled Tuesday Blitz"]
[Site "Chess.com"]
[Date "2020.02.04"]
[Round "7"]
[White "EmmaChess"]
[Black "sganerdene"]
[Result "1-0"]
[WhiteElo "2502"]
[BlackElo "2723"]
[TimeControl "180+2"]
[EndTime "10:35:05 PST"]
[Termination "EmmaChess won by resignation"]

1. d3 g6 2. Nf3 Bg7 3. e4 c5 4.
Be2 Nc6 5. O-O Nf6 6. Re1 O-O 7.
Bf1 d6 8. a4 a6 9. c3 Rb8 10.
h3 e5 11. d4 cxd4 12. cxd4 exd4 13. Nxd4 Re8 14. Nxc6 bxc6 15. Nc3 Rb4 16. f3 d5 17.
exd5 Rxe1 18. Qxe1 cxd5 19. Nb5 Bf8 20. Bd2 Rxb2 21.
Bc3 Rb3 22. Nd4 Rb8 23. Kh1 Qd6 24.
Nb5 axb5 25. Be5 Qb6 26. a5 Qa7 27. Bxf6 b4 28. Bb2 Bf5 29. Qe5 f6 30. Qxd5+ Kg7 31.
g4 Bc2 32. g5 Be7 33. Bc4 Rf8 34. Re1 Bd8 35. Bd4 Qc7 36. Bc5 Rh8 37. Re7+ 1-0

[Event "*** Titled Tuesday Blitz"]
[Site "Chess.com"]
[Date "2020.02.04"]
[Round "7"]
[White "crescentmoon2411"]
[Black "Indianlad"]
[Result "0-1"]
[WhiteElo "2981"]
[BlackElo "2924"]
[TimeControl "180+2"]
[EndTime "10:35:06 PST"]
[Termination "Indianlad won by resignation"]

1. d4 Nf6 2. Nf3 d5 3. Bf4 Bf5 4. e3 e6 5. Be2 Bd6 6. Bg3 h6 7. O-O O-O 8. c4 Bxg3 9. hxg3 dxc4 10. Bxc4 c5 11. dxc5 Qa5 12. Nc3 Qxc5 13. Qd4 Nbd7 14. Qxc5 Nxc5 15. Rfd1 Rac8 16. Ne5 a6 17. Be2 Rfd8 18.
f3 g5 19. e4 Bh7 20. Rxd8+ Rxd8 21. b4 Ncd7 22. Rd1 Kf8 23. b5 axb5 24. Bxb5 Ke7 25.
Nxd7 Nxd7 26. Bxd7 Rxd7 27. Rxd7+ Kxd7 28. Kf2 f6 29. Ke3 Kd6 30. Kd4 Bg6 31. Kc4 h5 32. Kb5 Be8+ 33. Kb6 Bc6 34. Nb5+ Ke5 35. Na7 Ba4 36.
Kc5 h4 37. gxh4 gxh4 38. Nc8 Kf4 39. Ne7 Be8 40. Ng8 Kg3 41. Nxf6 Bg6 0-1

[Event "*** Titled Tuesday Blitz"]
[Site "Chess.com"]
[Date "2020.02.04"]
[Round "7"]
[White "Nikolakis2014"]
[Black "GadimbayliA"]
[Result "1-0"]
[WhiteElo "2720"]
[BlackElo "2919"]
[TimeControl "180+2"]
[EndTime "10:35:10 PST"]
[Termination "Nikolakis2014 won on time"]

1. Nf3 d5 2. d4 Nc6 3. Bf4 Nf6 4. e3 Nh5 5. Bg3 Nxg3 6. hxg3 g6 7. c4 dxc4 8. Bxc4 Bg7 9. Nc3 e6 10. Qc2 O-O 11. Rh4 b6 12. O-O-O Bb7 13. Rdh1 h6 14. g4 Nb4 15. Qb3 Nd5 16. Ne5 c5 17.
Bxd5 exd5 18. f4 Rc8 19. Kb1 Qe8 20. Qc2 Ba6 21. g3 Qd8 22. Qh2 h5 23. Rxh5 gxh5 24. Qxh5 Bd3+ 25. Nxd3 Re8 26. Ne5 Rc7 27. g5 Qc8 28.
Nxd5 Qf5+ 29. Ka1 cxd4 30. Nxc7 Rc8 31. Nd5 Qe6 32. e4 1-0

[Event "*** Titled Tuesday Blitz"]
[Site "Chess.com"]
[Date "2020.02.04"]
[Round "7"]
[White "victormago"]
[Black "bazar-wokzal"]
[Result "0-1"]
[WhiteElo "2419"]
[BlackElo "2549"]
[TimeControl "180+2"]
[EndTime "10:35:14 PST"]
[Termination "bazar-wokzal won by resignation"]

1. d4 Nf6 2. c4 Nc6 3. Nf3 e6 4. a3 g6 5. Nc3 Bg7 6. e4 d5 7. e5 Ne4 8. Bd3 Nxc3 9. bxc3 dxc4 10. Bxc4 Na5 11. Ba2 c5 12. O-O Bd7 13. Bg5 Qc7 14. d5 exd5 15. Bxd5 O-O 16. Be7 Rfe8 17. Bd6 Qc8 18.
Ng5 Be6 19. Nxe6 fxe6 20. Ba2 c4 21. f4 b5 22. Rb1 Qc6 23. Qf3 a6 24. h4 Rac8 25.
Qg3 Nb7 26. Rbd1 Rcd8 27. Bb4 a5 28. Rxd8 Rxd8 29. Be7 Rd7 30. Bg5 Nc5 31. Bb1 Ne4 32.
Qe3 Nd2 33. Re1 Bf8 34. Kh2 Bxa3 35. Bc2 Bc5 36. Qg3 b4 37. cxb4 axb4 38. f5 b3 39. Bxd2 Rxd2 40. fxg6 bxc2 41. gxh7+ Kxh7 42. Rf1 Rxg2+ 43.
Qxg2 Qxg2+ 44. Kxg2 Be3 0-1

[Event "*** Titled Tuesday Blitz"]
[Site "Chess.com"]
[Date "2020.02.04"]
[Round "7"]
[White "AlexanderKing"]
[Black "isla88"]
[Result "1-0"]
[WhiteElo "2510"]
[BlackElo "2322"]
[TimeControl "180+2"]
[EndTime "10:35:14 PST"]
[Termination "AlexanderKing won by resignation"]

1. d4 Nf6 2. c4 e5 3. dxe5 Ng4 4. Nf3 Bc5 5. e3 Nc6 6. Nc3 O-O 7. Be2 Re8 8. O-O Ngxe5 9. Nxe5 Nxe5 10. b3 a5 11. Na4 Be7 12. Bb2 Bf6 13. Qc2 d6 14. Nc3 g6 15. Rad1 Bd7 16. Nd5 Bg7 17. f4 Ng4 18. Bxg7 Kxg7 19. Bxg4 Bxg4 20. Rde1 c6 21. Qb2+ f6 22.
Nc3 Qb6 23. Qf2 Qb4 24. Qd2 Qc5 25. Qd4 Qxd4 26. exd4 Kf7 27. Kf2 Bd7 28. Re3 b5 29. Rfe1 Rxe3 30. Kxe3 bxc4 31. bxc4 Rb8 32. Re2 Rb4 33.
Ne4 d5 34. Nc5 Bg4 35. Rc2 Rxc4 36. Rxc4 dxc4 37. Nb7 a4 38. Nd6+ Ke7 39. Nxc4 Be6 40. Kd3 Kd7 41. a3 Kc7 42. Nb2 Bb3 43. Kc3 Kb6 44. Kb4 Bd5 45. Nxa4+ Kc7 46. g3 g5 47. Nc3 Bf3 48. Kc5 gxf4 49. gxf4 h5 50. d5 h4 51. dxc6 h3 52. Nd5+ Kc8 53. Nxf6 Bg4 1-0

[Event "*** Titled Tuesday Blitz"]
[Site "Chess.com"]
[Date "2020.02.04"]
[Round "7"]
[White "manmanlai1"]
[Black "Misha_Bilous"]
[Result "1-0"]
[WhiteElo "2287"]
[BlackElo "2452"]
[TimeControl "180+2"]
[EndTime "10:35:15 PST"]
[Termination "manmanlai1 won by resignation"]

1. e4 c5 2. Nf3 d6 3. c3 Nf6 4.
Be2 e6 5. O-O Be7 6. Re1 O-O 7.
Bf1 Nc6 8. d4 d5 9. e5 Ne4 10. Bd3 f5 11. exf6 Nxf6 12. Bf4 Qb6 13. Qd2 cxd4 14. cxd4 Nb4 15. Nc3 Nxd3 16. Qxd3 Qxb2 17.
Nb5 Ne4 18. Bg3 Bd7 19. a4 Rac8 20. Reb1 Qc2 21. Qxc2 Rxc2 22. Nxa7 Ra8 23. Nb5 Rc4 24. Ne5 Bxb5 25. axb5 Rxa1 26. Rxa1 Rc8 27. f3 Nc3 28. b6 Ne2+ 29. Kf2 Nxd4 30. Ra7 Bc5 31. Nd7 Nb5+ 32.
Nxc5 Nxa7 33. bxa7 Ra8 34. Bb8 b6 35. Nxe6 Kf7 36.
Nc7 Rxa7 37. Bxa7 Ke7 38. Bxb6 Kd7 39. Ke3 Kc6 40. Ba5 1-0

[Event "*** Titled Tuesday Blitz"]
[Site "Chess.com"]
[Date "2020.02.04"]
[Round "7"]
[White "GMSrinath"]
[Black "DevikBronstein"]
[Result "1-0"]
[WhiteElo "2968"]
[BlackElo "2722"]
[TimeControl "180+2"]
[EndTime "10:35:35 PST"]
[Termination "GMSrinath won by resignation"]

1. e4 c5 2. Nf3 Nc6 3. Bb5 g6 4. Bxc6 dxc6 5. d3 Bg7 6. h3 Nf6 7. Nc3 Nd7 8. Be3 b6 9. Qd2 h6 10.
O-O e5 11. Nh2 Nf8 12. f4 exf4 13. Rxf4 g5 14. Rf2 Ng6 15. Raf1 Be6 16. Ng4 Qc7 17. Nf6+ Bxf6 18. Rxf6 O-O-O 19. a4 a5 20. Qe2 Rd7 21. Qh5 Qe5 22. Nd1 Kb7 23. Bd2 Qd4+ 24. Kh1 Qxa4 25. b3 Qa2 26. Bc3 Re8 27. Ne3 Nf4 28. Qf3 Rxd3 29. cxd3 Qxb3 30. Be5 Nxd3 31. Bd6 a4 32. Nf5 a3 33. Ng7 Ra8 34. Rxe6 fxe6 35. Qf7+ Ka6 36.
Nxe6 Ka5 37. Qb7 Qxe6 38. Qxa8+ Kb4 39. Rb1+ Nb2 40. Qxc6 a2 41. Rxb2+ Kc3 42. Be5+ Qxe5 43. Rxa2 Qf4 44. Ra3+ Kb2 45. Rf3 Qc1+ 46. Kh2 1-0

[Event "*** Titled Tuesday Blitz"]
[Site "Chess.com"]
[Date "2020.02.04"]
[Round "7"]
[White "messiboca"]
[Black "kesarev"]
[Result "0-1"]
[WhiteElo "2563"]
[BlackElo "2477"]
[TimeControl "180+2"]
[EndTime "10:35:36 PST"]
[Termination "kesarev won by resignation"]

1. c4 Nf6 2. Nc3 c5 3. Nf3 e6 4.
g3 b6 5. Bg2 Bb7 6. O-O Be7 7.
d3 d6 8. e4 O-O 9. Ng5 h6 10. Nh3 Nc6 11. f4 Rb8 12. g4 Nd4 13. g5 hxg5 14. Nxg5 g6 15. Be3 Kg7 16. Ne2 Ng4 17.
Nxd4 Nxe3 18. Ndxe6+ fxe6 19. Nxe6+ Kf6 20. Qf3 Kxe6 21.
Qxe3 Kd7 22. b4 Kc7 23. a4 g5 24. a5 gxf4 25. axb6+ axb6 26. Qh3 Qd7 27. Qxd7+ Kxd7 28. Ra7 Kc8 29. bxc5 dxc5 30. Bh3+ Kc7 31. Kf2 f3 32. Rg1 Bf6 33. Be6 Bd4+ 34. Kf1 Bxg1 35. Kxg1 f2+ 36. Kf1 Ra8 37. Rxb7+ Kxb7 38. Bd5+ Ka7 39. Bxa8 Kxa8 40. h4 Kb7 41. h5 Kc6 42. h6 Kd6 43. h7 Rh8 44. Kxf2 Ke5 45. Ke3 Rxh7 0-1

[Event "*** Titled Tuesday Blitz"]
[Site "Chess.com"]
[Date "2020.02.04"]
[Round "7"]
[White "GMMatamoros"]
[Black "mitrabhaa"]
[Result "0-1"]
[WhiteElo "2425"]
[BlackElo "2582"]
[TimeControl "180+2"]
[EndTime "10:35:42 PST"]
[Termination "mitrabhaa won by resignation"]

1. Nf3 Nf6 2. c4 b6 3. g3 Bb7 4. Bg2 e5 5. O-O d6 6. Nc3 Nbd7 7. d4 Be7 8. Re1 O-O 9. e4 Re8 10. h3 Bf8 11. d5 c6 12. Rb1 a6 13. a4 Qc7 14.
dxc6 Bxc6 15. Nd5 Qb7 16. Bg5 Bxd5 17. cxd5 Be7 18. b4 Rec8 19. Qb3 a5 20. bxa5 Rxa5 21.
Bd2 Nc5 22. Qxb6 Qxb6 23. Rxb6 Rxa4 24. Rc6 Rb8 25. Nxe5 dxe5 26. d6 Bxd6 27. Rxd6 Ncxe4 28. Bxe4 Nxe4 29. Rd5 f6 30. Be3 Rb7 31. Rc1 h6 32. h4 Kf7 33. h5 Ke6 34. Rd8 Kf5 35. Kg2 Ra2 36. Rc4 Nxf2 37. Bxf2 Rbb2 38. Kh3 Rxf2 39. g4+ Kg5 0-1

[Event "*** Titled Tuesday Blitz"]
[Site "Chess.com"]
[Date "2020.02.04"]
[Round "7"]
[White "ChristopherYoo"]
[Black "Gordima"]
[Result "0-1"]
[WhiteElo "2635"]
[BlackElo "2798"]
[TimeControl "180+2"]
[EndTime "10:35:44 PST"]
[Termination "Gordima won by resignation"]

1. e4 e5 2. Nf3 Nc6 3. Bb5 Nf6 4. d3 Bc5 5. c3 d6 6. O-O O-O 7. Ba4 Ne7 8. Nbd2 Ng6 9. Bc2 a6 10. h3 h6 11. Re1 Qe7 12. Nf1 Nh5 13. Nxe5 Bxf2+ 14.
Kxf2 Qxe5 15. Kg1 Nhf4 16. Qf3 f5 17. d4 fxe4 18. Bxe4 Qf6 19. Qg3 Bd7 20. Be3 Rae8 21. Nd2 Bb5 22. c4 Bc6 23. d5 Bd7 24. Kh2 Qxb2 25.
Bxg6 Nxg6 26. Qxg6 Rxe3 27. Rxe3 Qxa1 28. Re7 Bf5 29.
Qg3 Rf7 30. Re8+ Kh7 31. Nf3 Qf6 32. Nh4 Bb1 33. Re1 Bc2 34. Re2 Bb1 35. Re1 Bf5 36. Rf1 g6 37. Qe3 Qxh4 38. g4 Re7 39. Qd2 Bxg4 0-1